 Dungeon Crawl Stone Soup version 0.21-a0-260-g9b2435e (webtiles) character file.

1053 Jeffwins the Carver (level 8, -1/58 HPs)
             Began as a Mummy Fighter on Sept 8, 2017.
             Slain by a killer bee (6 damage)
             ... on level 5 of the Dungeon.
             The game lasted 00:09:17 (4535 turns).

Jeffwins the Carver (Mummy Fighter)                 Turns: 4535, Time: 00:09:18

Health: -1/58      AC:  9    Str: 20    XL:     8   Next: 5%
Magic:  8/8        EV:  7    Int:  7    God:
Gold:   171        SH:  9    Dex: 13    Spells: 7/7 levels left

rFire    x . .     SeeInvis .   a - +0 long sword
rCold    + . .     Gourm    .   c - +0 shield
rNeg     + + +     Faith    .   b - +0 scale mail
rPois    ∞         Spirit   .   n - +0 helmet
rElec    .         Reflect  .   (no cloak)
rCorr    .         Harm     .   h - +1 pair of gloves
MR       +....                  (no boots)
Stlth    +.........             (no amulet)
HPRegen  0.19/turn              t - ring of stealth
MPRegen  0.11/turn              (no ring)

@: no status effects
A: no food or potions, fire vulnerability, cold resistance 1, negative energy
resistance 3, torment resistance, unbreathing
a: no special abilities


You were on level 5 of the Dungeon.
You were not hungry.

You visited 2 branches of the dungeon, and saw 6 of its levels.

You collected 171 gold pieces.

Inventory:

Hand Weapons
 a - a +0 long sword (weapon)
 k - a +2 dagger of venom
 u - a cursed +0 short sword
Armour
 b - a +0 scale mail (worn)
 c - a +0 shield (worn)
 h - a +1 pair of gloves (worn)
 n - a +0 helmet (worn)
Magical Staves
 s - an uncursed staff of wizardry {unknown}
Jewellery
 d - an uncursed ring of wizardry
 q - an uncursed ring of flight
 t - a ring of stealth (left hand)
Wands
 e - a wand of flame (20/48)
 m - a wand of confusion (6/48)
Scrolls
 f - 3 scrolls of teleportation
 g - 3 scrolls of blinking
 i - 6 scrolls of remove curse
 j - a scroll of fear
 l - a scroll of fog
 o - a scroll of enchant weapon {unknown}
 p - a scroll of magic mapping
 r - a scroll of immolation


   Skills:
 - Level 3.0 Fighting
 + Level 8.1 Long Blades
 - Level 2.4 Armour
 - Level 2.4 Shields


You had 7 spell levels left.
You didn't know any spells.

Dungeon Overview and Level Annotations

Branches:
Dungeon (5/15)             Temple (1/1) D:4

Altars:
Ashenzari
Cheibriados
Dithmenos
Elyvilon
Fedhas
Hepliaklqana
Kikubaaqudgha
Makhleb
Nemelex Xobeh
Okawaru
Qazlal
Ru
Sif Muna
Trog
Uskayaw
Vehumet
Wu Jian
Xom
Yredelemnul
The Shining One


Innate Abilities, Weirdness & Mutations

You do not eat or drink.
Your flesh is vulnerable to fire.
You are immune to poison.
Your flesh is cold resistant. (rC+)
You are immune to negative energy. (rN+++)
You are immune to unholy pain and torment.
You can survive without breathing.


Message History

The two-headed ogre is moderately wounded.
The two-headed ogre closely misses you.
You riposte.
You slash the two-headed ogre!
The two-headed ogre is heavily wounded.
The two-headed ogre hits you with a giant spiked club!!
* * * LOW HITPOINT WARNING * * *
Your shield and scale mail prevent you from hitting the two-headed ogre.
The two-headed ogre is heavily wounded.
The two-headed ogre asks, "Where am I?"
A killer bee comes into view.
The killer bee buzzes angrily. x2
You see here a runed short sword.
u - a runed short sword The killer bee stings you.
* * * LOW HITPOINT WARNING * * *
The killer bee barely misses you. The killer bee stings you.
* * * LOW HITPOINT WARNING * * *
The killer bee stings you.
You die...

####..#..#..###.. ......
......)..........
#.....##### #.......#..
#.........### #.<#....>..
+.....#..................
#...y...................
#......#.#####..#..#.#.#
#.....y#.#####..#..#.#.#
#.....y@................
#......#.#####.........#
#......#... .... ...#
#.....O#####.#
#.##............ #.
#.#....##.....
#.###.##.#.####...!. .
#.......(..####..!.##.
..###..###...>.......


You could see a two-headed ogre and 3 killer bees.

Vanquished Creatures
  The ghost of acemry the Stinger, a novice SpVM of Sif Muna (D:5)
  A sky beast (D:1)
  A phantom (D:3)
  A centaur (D:5)
  2 bullfrogs (D:5)
  A killer bee (D:4)
  A centaur skeleton (D:5)
  An orc priest (D:3)
  An orc wizard (D:4)
  A bullfrog skeleton (D:5)
  Natasha (thrice) (D:2)
  An iguana (D:4)
  A worker ant (D:4)
  Robin (D:2)
  9 adders
  A worm (D:3)
  3 dart slugs
  5 leopard geckos
  6 orcs
  8 bats
  4 giant cockroaches
  13 goblins
  8 hobgoblins
  6 jackals
  A quokka (D:3)
  A ball python (D:1)
  8 frilled lizards
  A jackal skeleton (D:3)
  5 kobolds
  A leopard gecko zombie (D:4)
  9 rats
  A butterfly (D:4)
107 creatures vanquished.

Notes
Turn   | Place    | Note
-------+----------+-------------------------------------------
     0 | D:1      | Jeffwins the Mummy Fighter began the quest for the Orb.
     0 | D:1      | Reached XP level 1. HP: 18/18 MP: 1/1
    44 | D:1      | Reached skill level 2 in Long Blades
    85 | D:1      | Reached XP level 2. HP: 21/24 MP: 2/2
   623 | D:2      | Reached skill level 3 in Long Blades
   623 | D:2      | Reached XP level 3. HP: 24/29 MP: 3/3
   989 | D:2      | Found a hazy altar of Hepliaklqana.
  1021 | D:2      | Noticed Robin
  1074 | D:1      | Reached XP level 4. HP: 35/35 MP: 4/4
  1096 | D:2      | Killed Robin
  1253 | D:2      | Noticed a sky beast
  1302 | D:1      | Killed a sky beast
  1302 | D:1      | Reached skill level 4 in Long Blades
  1302 | D:1      | Reached XP level 5. HP: 10/41 MP: 5/5
  1566 | D:2      | Found a shimmering altar of Xom.
  1695 | D:2      | Found a glowing golden altar of the Shining One.
  2046 | D:3      | Noticed Natasha
  2089 | D:2      | Killed Natasha
  2089 | D:2      | Reached skill level 5 in Long Blades
  2127 | D:2      | Noticed Natasha
  2134 | D:2      | Killed Natasha
  2335 | D:2      | Noticed Natasha
  2341 | D:2      | Killed Natasha
  2341 | D:2      | Reached XP level 6. HP: 44/47 MP: 6/6
  2827 | D:3      | Noticed a moth of wrath
  2830 | D:3      | Found a bloodstained altar of Trog.
  2914 | D:3      | Reached skill level 6 in Long Blades
  3376 | D:4      | Found a staircase to the Ecumenical Temple.
  3423 | Temple   | Entered the Ecumenical Temple
  3591 | D:4      | Reached XP level 7. HP: 47/52 MP: 7/7
  3739 | D:5      | Entered Level 5 of the Dungeon
  3857 | D:5      | Found a deep blue altar of Sif Muna.
  4040 | D:5      | Noticed acemry's ghost (novice SpVM)
  4075 | D:5      | Killed acemry's ghost
  4075 | D:5      | Reached skill level 7 in Long Blades
  4090 | D:5      | Noticed a two-headed ogre
  4109 | D:5      | HP: 2/52 [two-headed ogre/giant club (20)]
  4491 | D:5      | Reached skill level 8 in Long Blades
  4491 | D:5      | Reached XP level 8. HP: 26/58 MP: 8/8
  4535 | D:5      | Slain by a killer bee

Vault maps used:
D:1:      dpeg_arrival_houses_and_road, corexii_leaking_fountain,
          minmay_misc_feat_plants, minivault_5, st_stairs_7
D:2:      nicolae_tso_swordbearing_angel, old_standard_altar,
          lemuel_coloured_pillars_altar, lemuel_flame_loot_1, uniq_robin
D:3:      tgw_trog, uniq_natasha
D:4:      minmay_temple_entry_butterflies, first_bread
D:5:      serial_shops, shop, basic_altar, uniq_grinder
Temple:   eino_temple_rhombus

Skill      XL: |  1  2  3  4  5  6  7 |
---------------+----------------------+-----
Long Blades    | 2 3 4 5 6 8 |  8.1
Fighting       | |  3.0
Armour         | |  2.4
Shields        | |  2.4

Action                   |  1- 3 |  4- 6 |  7- 9 || total
-------------------------+-------+-------+-------++-------
Melee: Long sword        |   126 |   192 |   125 ||   443
       Dagger            |       |     5 |       ||     5
Evoke: Wand              |       |       |     5 ||     5
  Use: Scroll            |       |     7 |       ||     7
 Stab: Confused          |       |       |     1 ||     1
Armor: Scale mail        |    91 |    94 |    52 ||   237
Dodge: Dodged            |    73 |    68 |    32 ||   173
Block: Shield            |    83 |    77 |    68 ||   228
       Rpst.: Long sword |    20 |    21 |    12 ||    53

Table legend:
 A = Spawn XP
 B = Non-spawn XP
 C = Spawn XP percentage of total XP
 D = Spawn monster count
 E = Non-spawn monster count
 F = Spawn count percentage of total count
 G = Total turns spent on level
                    A         B        C        D         E        F      G
               +---------+---------+-------+---------+---------+-------+---------
         Total |       0 |    1505 |   0.0 |       0 |     106 |   0.0 |  4535
               +---------+---------+-------+---------+---------+-------+---------
           D:1 |       0 |     190 |   0.0 |       0 |      34 |   0.0 |   979
           D:2 |       0 |     186 |   0.0 |       0 |      22 |   0.0 |  1281
           D:3 |       0 |     225 |   0.0 |       0 |      28 |   0.0 |   743
           D:4 |       0 |     202 |   0.0 |       0 |       9 |   0.0 |   880
           D:5 |       0 |     702 |   0.0 |       0 |      13 |   0.0 |   513
               +---------+---------+-------+---------+---------+-------+---------
